 Dungeon Crawl Stone Soup version 0.17-a0-1949-g1acca9a (webtiles) character file.

4341 Ebilmort the Severer (level 10, 0/77 HPs)
             Began as a Minotaur Berserker on Sept 30, 2015.
             Was a High Priest of Trog.
             Killed from afar by a deep elf mage (34 damage)
             ... with a bolt of magma
             ... on level 9 of the Dungeon on Oct 2, 2015.
             The game lasted 00:19:48 (6451 turns).

Ebilmort the Severer (Minotaur Berserker)           Turns: 6451, Time: 00:19:48

Health: 0/77       AC:  8    Str: 30    XL:     10   Next: 12%
Magic:  9/9        EV:  9    Int:  4    God:    Trog [*****.]
Gold:   499        SH:  8    Dex: 13    Spells: 0 memorised, 9 levels left

rFire  . . .     SeeInvis .     C - +1 hand axe (flame)
rCold  . . .     Clarity  .     r - +0 ring mail of Icvyseas {Str+5}
rNeg   . . .     SustAt   .     w - +0 shield
rPois  .         Gourm    .     (helmet restricted)
rElec  .         Spirit   .     (no cloak)
rCorr  .         Warding  .     t - +1 pair of gloves
rMut   .         Stasis   .     v - +0 pair of boots
MR     .....                    (no amulet)
Stlth  +.........               m - +3 ring of strength
                                (no ring)

@: not resistant to hostile enchantments, very unstealthy
A: retaliatory headbutt, horns 2
a: Burn Spellbooks, Berserk, Trog's Hand, Brothers in Arms, Renounce Religion


You were on level 9 of the Dungeon.
You worshipped Trog.
Trog was extremely pleased with you.
You were hungry.

You visited 1 branch of the dungeon, and saw 9 of its levels.

You collected 499 gold pieces.

Inventory:

Hand weapons
 C - a +1 hand axe of flaming (weapon)
Armour
 r - the +0 ring mail of Icvyseas (worn) {Str+5}
   (You found it on level 5 of the Dungeon)

   It affects your strength (+5).
 s - a +0 plate armour
 t - a +1 pair of gloves (worn)
 v - a +0 pair of boots (worn)
 w - a +0 shield (worn)
Jewellery
 k - an uncursed ring of see invisible
 m - a +3 ring of strength (right hand)
Magical devices
 b - a wand of fireball (6)
 n - a wand of polymorph (9)
Scrolls
 e - a scroll of enchant armour
 j - 6 scrolls of identify
 o - 3 scrolls of enchant weapon
 B - a scroll of fear
 E - 2 scrolls of remove curse
 F - 2 scrolls of teleportation
Potions
 g - a potion of brilliance {unknown}
 h - a potion of agility {unknown}
 i - 2 potions of resistance {unknown}
 l - 2 potions of heal wounds {unknown}
 q - 3 potions of curing
 u - a potion of lignification {unknown}
 x - a potion of berserk rage {unknown}
 D - a potion of magic {unknown}
 G - a potion of poison {unknown}
Comestibles
 a - 3 beef jerkies
 c - 9 bread rations
 f - 8 meat rations
 p - 2 fruits
 z - 2 royal jellies
 A - a slice of pizza


   Skills:
 - Level 3.6 Fighting
 * Level 16.6 Axes
 - Level 2.4 Armour
 - Level 2.1 Dodging


You had 9 spell levels left.
You didn't know any spells.

Dungeon Overview and Level Annotations

Branches:
Dungeon (9/15)             Temple (0/1) D:4
   Lair: D:8-11         Orc: D:9-12

Altars:
Ashenzari
Cheibriados
Elyvilon
Gozag
Kikubaaqudgha
Qazlal
Sif Muna
Trog


Innate Abilities, Weirdness & Mutations

You reflexively headbutt those who attack you in melee.
You have a pair of horns on your head.


Message History

You slash the deep elf mage! You burn the deep elf mage.
The deep elf mage is moderately wounded.
You block the orc priest's attack.
The deep elf mage gestures at you while chanting.
The bolt of magma hits you!
You closely miss the orc warrior.
The orc warrior is almost dead.
You hit the deep elf mage. You burn the deep elf mage.
The deep elf mage is severely wounded.
The orc warrior hits you with a flail.
You slash the orc warrior! You burn the orc warrior.
You kill the orc warrior!
Trog accepts your kill.
You hit the deep elf mage. You burn the deep elf mage.
The deep elf mage is severely wounded.
The centaur wields a shortbow.
The centaur shoots an arrow.
The arrow barely misses you.
The deep elf mage points at you and mumbles some strange words.
The bolt of magma hits you!
You die...

.#. #..........
..##..........
##.......#.....
#..#..#........
...##.....#........
......#.......c.....
...#...#.#.:$)eo##...
#.....(......@.......
#.....###...........
#.........(.......#
#.......#####.....
##........### ...##
##............. .##
##..............# #
#..............##
#............#.#


You could see a deep elf mage, a centaur and an orc priest.

Vanquished Creatures
  Pikel (D:4)
  A spriggan (D:7)
  2 water moccasins
  3 orc warriors
  A wasp (D:7)
  An ice beast (D:6)
  A phantom (D:5)
  An ogre (D:7)
  A sky beast (D:6)
  8 centaurs
  6 big kobolds (D:8)
  4 giant frogs
  A wyvern skeleton (D:8)
  A gnoll sergeant (D:8)
  A scorpion (D:8)
  A crimson imp (D:5)
  A gnoll shaman (D:5)
  3 jellies
  2 centaur zombies (D:5)
  A giant frog zombie (D:7)
  A wasp zombie (D:7)
  6 hounds
  7 orc wizards
  4 worker ants
  5 iguanas
  A hound skeleton (D:5)
  A worker ant zombie (D:8)
  20 gnolls
  9 adders
  3 shadow imps
  An ooze (D:2)
  2 adder skeletons
  An adder zombie (D:7)
  A worm (D:2)
  3 giant geckos
  16 orcs
  5 bats
  6 hobgoblins
  2 jackals (D:8)
  11 kobolds
  4 quokkas
  3 ball pythons
  8 giant cockroaches
  A giant cockroach zombie (D:5)
  2 giant gecko skeletons
  5 giant newts
  3 goblins
  A jackal skeleton (D:4)
  A quokka skeleton (D:5)
  4 rats
178 creatures vanquished.

Vanquished Creatures (collateral kills)
  A hound (D:6)
1 creature vanquished.

Vanquished Creatures (others)
  A scorpion (D:4)
  An orc (D:4)
2 creatures vanquished.

Grand Total: 181 creatures vanquished

Notes
Turn   | Place    | Note
--------------------------------------------------------------
     0 | D:1      | Ebilmort the Minotaur Berserker began the quest for the Orb.
     0 | D:1      | Reached XP level 1. HP: 19/19 MP: 0/0
    11 | D:1      | Upgraded the game from 0.17-a0-1941-gcc30b76 to 0.17-a0-1949-g1acca9a
    86 | D:1      | Reached skill level 4 in Axes
   105 | D:1      | Reached XP level 2. HP: 15/26 MP: 1/1
   444 | D:1      | Acquired Trog's second power
   472 | D:2      | Reached skill level 5 in Axes
   490 | D:2      | Reached XP level 3. HP: 23/31 MP: 2/2
  1002 | D:2      | Found an opulent altar of Gozag.
  1007 | D:2      | Found a stormy altar of Qazlal.
  1014 | D:2      | Found an ancient bone altar of Kikubaaqudgha.
  1019 | D:2      | Found a snail-covered altar of Cheibriados.
  1030 | D:2      | Found a shattered altar of Ashenzari.
  1037 | D:2      | Found a bloodstained altar of Trog.
  1063 | D:2      | Found a white marble altar of Elyvilon.
  1173 | D:2      | Reached XP level 4. HP: 39/39 MP: 3/3
  1256 | D:2      | Reached skill level 6 in Axes
  1461 | D:3      | Reached XP level 5. HP: 10/45 MP: 4/4
  1477 | D:3      | Reached skill level 7 in Axes
  2223 | D:3      | You fall through a shaft!
  2223 | D:4      | Noticed a slave
  2223 | D:4      | Noticed a slave
  2224 | D:4      | Noticed Pikel
  2225 | D:4      | Noticed a slave
  2240 | D:4      | Noticed a slave
  2248 | D:4      | Killed Pikel
  2248 | D:4      | Reached skill level 10 in Axes
  2248 | D:4      | Reached XP level 6. HP: 51/51 MP: 5/5
  2248 | D:4      | Reached XP level 7. HP: 57/57 MP: 6/6
  2518 | D:4      | Found a staircase to the Ecumenical Temple.
  2848 | D:5      | Entered Level 5 of the Dungeon
  2940 | D:5      | Got an ancient ring mail
  2951 | D:5      | Identified the cursed +0 ring mail of Icvyseas {Str+5} (You found it on level 5 of the Dungeon)
  2983 | D:5      | Reached skill level 11 in Axes
  3138 | D:5      | Reached XP level 8. HP: 64/64 MP: 7/7
  3490 | D:5      | Reached skill level 12 in Axes
  3777 | D:6      | Reached skill level 13 in Axes
  3969 | D:6      | Acquired Trog's third power
  4127 | D:6      | Reached XP level 9. HP: 70/70 MP: 8/8
  4308 | D:6      | Found a deep blue altar of Sif Muna.
  4385 | D:6      | Reached skill level 14 in Axes
  4681 | D:7      | Reached skill level 15 in Axes
  5829 | D:8      | Reached skill level 16 in Axes
  5971 | D:8      | Reached XP level 10. HP: 73/77 MP: 9/9
  6451 | D:9      | Killed from afar by a deep elf mage

Vault maps used:
D:1:      dpeg_arrival_windows_large_door
D:2:      grunt_temple_overflow_octagram, first_bread, kennysheep_pointless_box
D:3:      minmay_door_path
D:4:      minmay_temple_entry_overgrown, uniq_pikel
D:6:      kennysheep_orc_sif_temple
D:7:      the_bakery
D:8:      special_room
D:9:      lair_0_dummy, minmay_misc_feat_square

Action                   |  1- 3 |  4- 6 |  7- 9 | 10-12 || total
-------------------------+-------+-------+-------+-------++-------
Melee: Hand axe          |    71 |    87 |   244 |    54 ||   456
       Whip              |       |       |    81 |       ||    81
Invok: Berserk           |       |     2 |     1 |       ||     3
       Burn Spellbooks   |       |       |     1 |       ||     1
  Use: Scroll            |       |     9 |     6 |     1 ||    16
  Eat: Chunk             |     1 |     3 |    14 |     1 ||    19
       Fruit             |       |     1 |       |       ||     1
